 Dungeon Crawl Stone Soup version 0.16-a0-3724-gf14d081 (webtiles) character file.

12968 Johnny the Nimble (level 12, -20/88 HPs)
             Began as an Octopode Fighter on Jan 21, 2015.
             Was a Priest of the Shining One.
             Killed from afar by a fire drake (22 damage)
             ... with a blast of flame
             ... in a volcano.
             The game lasted 00:31:59 (16539 turns).

Johnny the Nimble (Octopode Fighter)               Turns: 16539, Time: 00:31:59

Health: -20/88     AC:  1    Str: 19    XL:     12   Next: 1%
Magic:  20/20      EV: 18    Int: 11    God:    the Shining One [***...]
Gold:   1158       SH:  9    Dex: 15    Spells: 0 memorised, 11 levels left

rFire  . . .     SeeInvis .     k - +3 dagger (distort)
rCold  . . .     Clarity  .     c - +0 shield
rNeg   + . .     SustAb   +     a - +0 hat
rPois  +         Gourm    .     (no amulet)
rElec  .         Spirit   .     B - ring of poison resistance
rCorr  .         Warding  .     E - +3 ring of dexterity
rMut   .         Stasis   .     q - ring of invisibility
MR     .....                    (no ring)
Stlth  ++........               z - ring of sustain abilities
                                (no ring)
                                (no ring)
                                (no ring)

@: glowing, not resistant to hostile enchantments, unstealthy
A: almost no armour, amphibious, 8 rings, constrict 8, camouflage 1, gelatinous
body 1
a: Divine Shield, Renounce Religion, Evoke Invisibility


You were in a volcano.
You worshipped the Shining One.
The Shining One was most pleased with you.
You were hungry.

You visited 3 branches of the dungeon, and saw 13 of its levels.
You also visited: Ice Cave and Volcano.

You collected 1158 gold pieces.

Inventory:

Hand weapons
 k - a +3 dagger of distortion (weapon)
Missiles
 G - 2 throwing nets (quivered)
Armour
 a - a +0 hat (worn)
 c - a +0 shield (worn)
Jewellery
 f - an uncursed amulet of stasis
 g - the ring of Meriul {-Tele rPois+ Str+1 Dex+4 SInv}
   (You found it in an ice cave)

   [ring of strength]

   It affects your strength (+1).
   It affects your dexterity (+4).
   It protects you from poison.
   It enhances your eyesight.
   It prevents most forms of teleportation.
 q - a ring of invisibility (on tentacle)
 w - an uncursed amulet of stasis
 z - a ring of sustain abilities (on tentacle)
 B - a ring of poison resistance (left tentacle)
 E - a +3 ring of dexterity (right tentacle)
Magical devices
 n - a wand of disintegration (8)
 s - a wand of lightning (6)
 O - a wand of paralysis (18)
 P - a wand of polymorph (15)
Scrolls
 b - 6 scrolls of amnesia
 h - 3 scrolls of enchant armour
 p - a scroll of fog {unknown}
 u - 4 scrolls of remove curse
 v - 3 scrolls of noise
 y - a scroll of immolation
 I - a scroll of torment {unknown}
 K - a scroll of holy word {unknown}
Potions
 e - 4 potions of might
 j - a potion of flight {unknown}
 A - 2 potions of cure mutation
 F - a potion of berserk rage {unknown}
 H - a potion of mutation {unknown}
 J - 2 potions of ambrosia {unknown}
 N - a potion of restore abilities {unknown}
Books
 r - a book of Hinderance

   Spells                             Type                      Level
   a - Confusing Touch                Hexes                        2
   b - Confuse                        Hexes                        3
   c - Petrify                        Transmutation/Earth          4
   d - Metabolic Englaciation         Hexes/Ice                    5
   e - Summon Mana Viper              Hexes/Summoning              5
   f - Gell's Gravitas                Hexes/Translocation          6
 C - a book of Conjurations

   Spells                             Type                      Level
   a - Magic Dart                     Conjuration                  1
   b - Searing Ray                    Conjuration                  2
   c - Dazzling Spray                 Conjuration/Hexes            3
   d - Fulminant Prism                Conjuration/Hexes            4
   e - Iskenderun's Mystic Blast      Conjuration                  4
   f - Iskenderun's Battlesphere      Conjuration/Charms           5
Comestibles
 d - 9 bread rations
 D - 3 slices of pizza
 M - 3 meat rations


   Skills:
 * Level 10.5 Fighting
 + Level 4.8(6.8) Short Blades
   Level 7.4(8.1) Long Blades
 * Level 12.4 Dodging
 + Level 4.5 Stealth
 - Level 3.0 Shields
 + Level 4.5 Invocations


You had 11 spell levels left.
You didn't know any spells.

Dungeon Overview and Level Annotations

Branches:
Dungeon (8/15)             Temple (1/1) D:6            Lair (4/8) D:8
  Swamp: Lair:3-6    Shoals: Lair:3-6     Snake: Lair:3-6    Spider: Lair:3-6

Altars:
Ashenzari
Fedhas
Gozag
Makhleb
Qazlal
Trog
Vehumet
Yredelemnul
The Shining One

Annotations:
D:7 Edmund
Lair:2 Fannar
Lair:3 Harold
Abyss:1 Erolcha, Natasha


Innate Abilities, Weirdness & Mutations

You cannot wear most types of armour.
You are amphibious.
You can wear up to eight rings at the same time.
You can use your tentacles to constrict many enemies at once.
Your skin changes colour to match your surroundings (Stealth).
Your rubbery body absorbs attacks (AC +1).


Message History

The mottled dragon moves out of view.
You block the fire bat's attack. The fire drake misses you.
A fire bat comes into view.
Use which ability? (? or * to list)
Okay, then.
Use which ability? (? or * to list)
Okay, then.
Drink which item? (? for menu, Esc to quit)
Okay, then.
Read which item? (? for menu, Esc to quit)
Okay, then.
You hit the fire bat.
Space bends around the fire bat.
Your grab misses the fire bat. Your squeeze misses the fire bat.
The fire bat is moderately wounded.
The fire drake seems to regain its courage.
The fire bat closely misses you. You block the fire bat's attack.
The fire bat barely misses you. The fire drake breathes flames at you.
The blast of flame hits you!
You die...

####### .## ∩)!..
## .∩.. ... #.
#.D[# #.##b #...
#.#b# #..##k#b#
##§§.@#
##....b#.##
#...b∩.D.D#
!..........###..!)
.###.#....# ..
..######.. #b..
.!) [) #§.∩ ##


You could see a fire drake, a mottled dragon and 5 fire bats.

Vanquished Creatures
  2 ice statues (IceCv)
  A black mamba (Lair:3)
  3 spiny frogs
  A fire drake (Lair:4)
  3 komodo dragons
  A two-headed ogre (D:7)
  A basilisk (Lair:2)
  A spriggan (D:8)
  3 yaks (Lair:2)
  6 wolves
  2 orc warriors
  6 water moccasins
  16 ice beasts
  2 phantoms
  A porcupine (Lair:3)
  An ogre (D:5)
  Duvessa (D:7)
  3 crocodiles
  A big kobold (D:6)
  7 giant frogs
  A scorpion (D:8)
  6 wights
  3 jellies
  An electric eel (Lair:2)
  2 goliath beetles
  Dowan (D:7)
  A giant frog zombie (D:8)
  5 hounds
  2 giant frog skeletons
  Crazy Yiuf (D:3)
  A centaur zombie (D:8)
  2 iguanas
  2 crimson imps
  5 orc wizards
  A quasit (D:7)
  Natasha (twice) (D:3)
  8 hell rats (Lair:2)
  5 worker ants
  Ijyb (D:3)
  3 gnolls (D:4)
  36 river rats
  A shadow imp (D:6)
  21 adders
  3 giant mites
  2 worms
  2 adder skeletons (D:4)
  3 giant geckos
  An ooze (D:6)
  10 orcs
  A bat skeleton (D:7)
  A bat zombie (D:7)
  9 giant cockroaches
  9 goblins
  15 hobgoblins
  15 jackals
  18 kobolds
  8 quokkas
  A ball python skeleton (D:4)
  19 bats
  A giant gecko skeleton (D:8)
  6 giant newts
  2 giant spores
  27 rats
  2 ballistomycetes
328 creatures vanquished.

Vanquished Creatures (others)
  An ice dragon (IceCv)
  The ghost of SkaryMonk the Spear-Bearer, an experienced DgWn (D:8)
  2 spiny frogs (Lair:1)
  A black mamba (D:8)
  The ghost of Gorice the Cutter, an experienced DgWn (D:5)
  A komodo dragon (Lair:3)
  2 yaks (Lair:2)
  A hippogriff (Lair:3)
  A wolf (Lair:1)
  A mottled dragon (Volcano)
  A phantom (D:7)
  A black bear (D:7)
  4 ice beasts (IceCv)
  A crocodile (Lair:1)
  The ghost of Johnny the Ducker, an average OpFi (D:3)
  An ogre (D:6)
  A big kobold (D:6)
  2 wights (D:8)
  A hound (D:7)
  An iguana (D:7)
  4 river rats
  2 adders
  A giant gecko (D:6)
  An orc (D:4)
  A hobgoblin (D:2)
  A giant newt (D:6)
  3 rats
  A ballistomycete (D:7)
  A fungus (D:3)
  A plant (D:8)
42 creatures vanquished.

Grand Total: 370 creatures vanquished

Notes
Turn   | Place    | Note
--------------------------------------------------------------
     0 | D:1      | Johnny, the Octopode Fighter, began the quest for the Orb.
     0 | D:1      | Reached XP level 1. HP: 16/16 MP: 1/1
   109 | D:1      | Reached XP level 2. HP: 21/21 MP: 2/2
   562 | D:1      | Reached XP level 3. HP: 26/26 MP: 3/3
  1460 | D:2      | Found a bloodstained altar of Trog.
  1494 | D:2      | Reached XP level 4. HP: 32/32 MP: 4/4
  1521 | D:2      | Found an opulent altar of Gozag.
  1525 | D:2      | Reached skill level 4 in Dodging
  1876 | D:3      | Found a radiant altar of Vehumet.
  2015 | D:3      | Reached XP level 5. HP: 29/37 MP: 5/5
  2016 | D:3      | Noticed Natasha
  2023 | D:3      | Killed Natasha
  2103 | D:3      | Noticed Natasha
  2109 | D:3      | Killed Natasha
  2580 | D:3      | Noticed Ijyb
  2618 | D:3      | Killed Ijyb
  2857 | D:3      | Noticed Johnny's ghost (average OpFi)
  2862 | D:3      | Banished Johnny's ghost
  2862 | D:3      | Reached skill level 5 in Dodging
  2869 | D:3      | Noticed Natasha
  2873 | D:3      | Banished Natasha
  2877 | D:3      | Reached XP level 6. HP: 12/43 MP: 6/6
  3308 | D:3      | Noticed Crazy Yiuf
  3313 | D:3      | Killed Crazy Yiuf
  4298 | D:4      | Reached XP level 7. HP: 30/49 MP: 7/7
  4568 | D:4      | Found Azoegug's General Store.
  4847 | D:5      | Entered Level 5 of the Dungeon
  4888 | D:5      | Reached skill level 6 in Dodging
  4892 | D:5      | Noticed Gorice's ghost (experienced DgWn)
  4907 | D:5      | Banished Gorice's ghost
  4907 | D:5      | Reached skill level 5 in Fighting
  5317 | D:5      | Reached XP level 8. HP: 41/55 MP: 8/8
  5396 | D:5      | Reached skill level 7 in Dodging
  6173 | D:6      | Found a staircase to the Ecumenical Temple.
  6189 | Temple   | Entered the Ecumenical Temple
  6201 | Temple   | Became a worshipper of the Shining One
  6273 | D:6      | Reached skill level 5 in Long Blades
  6706 | D:6      | Reached skill level 8 in Dodging
  7176 | D:7      | Noticed a two-headed ogre
  7180 | D:7      | Killed a two-headed ogre
  7236 | D:7      | Got a crystal trident
  7325 | D:7      | Reached XP level 9. HP: 57/63 MP: 9/9
  7401 | D:7      | Noticed Edmund
  7411 | D:7      | Acquired the Shining One's first power
  7773 | D:7      | Found a basalt altar of Yredelemnul.
  7852 | D:7      | Noticed Duvessa
  7863 | D:7      | Reached skill level 9 in Dodging
  7867 | D:7      | Noticed Dowan
  7877 | D:7      | Killed Dowan
  7878 | D:7      | Killed Duvessa
  8031 | D:7      | Found a stormy altar of Qazlal.
  8432 | D:8      | Noticed SkaryMonk's ghost (experienced DgWn)
  8460 | D:8      | Banished SkaryMonk's ghost
  8551 | D:8      | Noticed a komodo dragon
  8638 | D:8      | Noticed Erolcha
  8660 | D:8      | Banished Erolcha
  8660 | D:8      | Reached skill level 10 in Dodging
  8701 | D:8      | Found a staircase to the Lair.
  8805 | D:8      | Killed a komodo dragon
  8805 | D:8      | Reached XP level 10. HP: 70/72 MP: 10/10
  9535 | D:8      | Acquired the Shining One's second power
  9635 | Lair:1   | Entered Level 1 of the Lair of Beasts
  9635 | Lair:1   | Noticed a black mamba
 10037 | Lair:1   | Noticed a four-headed hydra
 10083 | D:8      | Banished a black mamba
 10328 | Lair:1   | Reached skill level 1 in Short Blades
 10328 | Lair:1   | Reached skill level 1 in Invocations
 11245 | Lair:1   | Reached skill level 11 in Dodging
 11485 | Lair:1   | HP: 3/73 [four-headed hydra (13)]
 12310 | Lair:2   | Reached XP level 11. HP: 61/80 MP: 13/15
 12668 | Lair:2   | Noticed Fannar
 12691 | Lair:2   | HP: 4/80 [water moccasin (8)]
 13059 | Lair:2   | Reached skill level 1 in Stealth
 14104 | Lair:3   | Found a frozen archway.
 14116 | IceCv    | Entered an ice cave
 14143 | IceCv    | Reached skill level 12 in Dodging
 14362 | IceCv    | Reached skill level 10 in Fighting
 14456 | IceCv    | Noticed an ice statue
 14526 | IceCv    | Noticed an ice statue
 14899 | IceCv    | Killed an ice statue
 15316 | IceCv    | Killed an ice statue
 15420 | IceCv    | Noticed an ice dragon
 15442 | IceCv    | Noticed an ice dragon
 15445 | IceCv    | Banished an ice dragon
 15453 | IceCv    | Got a crude gossamer ring
 15454 | IceCv    | Identified the ring of Meriul {-Tele rPois+ Str+1 Dex+4 SInv} (You found it in an ice cave)
 15788 | Lair:3   | Noticed Harold
 15798 | Lair:3   | HP: 3/82 [Harold/bolt of fire (36)]
 15799 | Lair:3   | The Shining One protects you from harm!
 15802 | Lair:3   | The Shining One protects you from harm!
 16512 | Lair:4   | Reached XP level 12. HP: 37/88 MP: 20/20
 16517 | Lair:4   | Found a dark tunnel.
 16525 | Volcano  | Entered a volcano
 16533 | Volcano  | The Shining One protects you from harm!
 16534 | Volcano  | HP: 4/88 [burnt (2)]
 16535 | Volcano  | HP: 1/88 [burnt (3)]
 16539 | Volcano  | Killed from afar by a fire drake

Action                   |  1- 3 |  4- 6 |  7- 9 | 10-12 || total
-------------------------+-------+-------+-------+-------++-------
Melee: Long sword        |    56 |       |       |       ||    56
       Dagger            |    27 |   160 |   281 |   532 ||  1000
Invok: Divine Shield     |       |       |       |     4 ||     4
 Abil: Evoke Invisibilit |       |       |       |     1 ||     1
Evoke: Wand              |       |     2 |       |     2 ||     4
  Use: Potion            |       |       |     2 |    14 ||    16
       Scroll            |       |       |     7 |    19 ||    26
 Stab: Sleeping          |     6 |     1 |     2 |     3 ||    12
       Distracted        |       |       |     1 |       ||     1
  Eat: Chunk             |     1 |     5 |     9 |    13 ||    28
       Pizza             |       |     1 |     1 |     5 ||     7
       Bread ration      |       |     1 |       |     1 ||     2
       Royal jelly       |       |       |     1 |       ||     1
